 Dungeon Crawl Stone Soup version 0.22-a0-447-gee5f723 (webtiles) character file.

210 pk666 the Conjurer (level 5, -1/28 HPs)
             Began as a Deep Elf Conjurer on June 3, 2018.
             Slain by Purgy (8 damage)
             ... on level 2 of the Dungeon.
             The game lasted 00:08:56 (2990 turns).

pk666 the Conjurer (Deep Elf Conjurer)              Turns: 2990, Time: 00:08:57

Health: -1/28      AC:  4    Str:  5    XL:     5   Next: 56%
Magic:  2/23       EV: 14    Int: 21    God:
Gold:   201        SH:  0    Dex: 15    Spells: 9/14 levels left

rFire    . . .     SeeInvis .   f - +0 dagger
rCold    . . .     Gourm    .   (no shield)
rNeg     . . .     Faith    .   a - +0 robe
rPois    .         Spirit   .   (no helmet)
rElec    .         Reflect  .   s - +0 cloak
rCorr    .         Harm     .   h - +0 pair of gloves
MR       .....                  (no boots)
Stlth    ++........             (no amulet)
HPRegen  0.09/turn              r - ring of magical power
MPRegen  0.18/turn              (no ring)

@: no status effects
A: no striking features
a: no special abilities


You were on level 2 of the Dungeon.
You were near starving.

You visited 1 branch of the dungeon, and saw 3 of its levels.

You collected 201 gold pieces.

Inventory:

Hand Weapons
 f - a +0 dagger (weapon)
Armour
 a - a +0 robe (worn)
 h - a +0 pair of gloves (worn)
 j - a scarf of spirit shield
 s - a +0 cloak (worn)
Jewellery
 r - a ring of magical power (left hand)
Scrolls
 b - 3 scrolls of enchant armour {unknown}
 e - 4 scrolls of teleportation {unknown}
 g - a scroll of random uselessness {unknown}
 i - 3 scrolls of identify {unknown}
 m - a scroll of amnesia {unknown}
 t - a scroll of blinking {unknown}
 u - a scroll of noise {unknown}
Potions
 d - a potion of flight {unknown}
 k - a potion of lignification {unknown}
 l - a potion of mutation {unknown}
 o - 2 potions of ambrosia {unknown}
 p - a potion of degeneration {unknown}
 q - 2 potions of agility {unknown}
Comestibles
 c - 2 rations
 n - 2 chunks of flesh


   Skills:
 + Level 4.0 Dodging
 - Level 2.4 Stealth
 * Level 5.0 Spellcasting
 * Level 5.5 Conjurations
 * Level 1.9 Translocations


You had 9 spell levels left.
You knew the following spells:

 Your Spells              Type           Power        Failure   Level  Hunger
a - Magic Dart            Conj           ####         1%          1    None
z - Force Lance           Conj/Tloc      ###.....     22%         4    ####...

Your spell library contained the following spells:

 Spells                   Type           Power        Failure   Level  Hunger
 Iskenderun's Mystic Bla  Conj           ####....     11%         4    ####...
 Fulminant Prism          Conj/Hex       ###.......   34%         4    ####...
 Dazzling Spray           Conj/Hex       ###...       11%         3    ##.....
 Searing Ray              Conj           ####..       1%          2    None


Dungeon Overview and Level Annotations

Branches:
Dungeon (3/15)

Altars:
Ashenzari
Elyvilon
Makhleb
Qazlal
Yredelemnul

Annotations:
D:2 Purgy
D:3 Sigmund


Message History

Confirm with . or Enter, or press ? or * to list all spells.
You don't have enough magic to cast that spell.
Casting: Force Lance (slightly dangerous; 22% risk of failure)
Confirm with . or Enter, or press ? or * to list all spells.
Aiming: Magic Dart (safe; 1% risk of failure)
Press: ? - help, Shift-Dir - straight line, f - Purgy
Aim: Purgy The magic dart hits Purgy.
Purgy is moderately wounded.
Purgy completely misses you. Purgy closely misses you.
Purgy claws you but does no damage.
Casting: Magic Dart (safe; 1% risk of failure)
Confirm with . or Enter, or press ? or * to list all spells.
Aiming: Magic Dart (safe; 1% risk of failure)
Press: ? - help, Shift-Dir - straight line, f/p - Purgy
Aim: Purgy (lightly wounded)
The magic dart hits Purgy.
Purgy is moderately wounded.
Purgy bites you!
You die...

########.## #.....##.#
############.###<##.#####
#.............##.##.....#
###.########..##.######.#
####### #.#
##).........#.###......
#.#
##....#.#.......##.#####
#.# #..#>.#T#.##.#..##.#
#.# ##..#..#@#.##.#..##.#
#.#
#).############..##.#####
#.# #...# ##..##.#....
#.# #...## #......#.###
#.# ##...# ###....#.#..
#.# #...# #.'....#.#.#
#.######.†.##
#.#....#....
#.##..###...###
#.####.#.... #.##.##
#.....### #.##........


You could see Purgy.

Vanquished Creatures
  A bullfrog (D:3)
  Jessica (D:2)
  A worker ant (D:3)
  2 adders
  2 oozes (D:1)
  A worm (D:3)
  A dart slug (D:3)
  3 leopard geckos
  An orc (D:3)
  A ball python (D:3)
  16 bats
  A giant cockroach (D:1)
  5 goblins
  6 hobgoblins
  6 jackals
  5 kobolds
  9 frilled lizards
  4 rats
66 creatures vanquished.

Notes
Turn   | Place    | Note
-------+----------+-------------------------------------------
     0 | D:1      | pk666 the Deep Elf Conjurer began the quest for the Orb.
     0 | D:1      | Reached XP level 1. HP: 10/10 MP: 6/6
    87 | D:1      | Reached XP level 2. HP: 15/15 MP: 1/8
   609 | D:1      | Reached XP level 3. HP: 19/19 MP: 6/10
  1264 | D:2      | Found a basalt altar of Yredelemnul.
  1265 | D:2      | Reached skill level 5 in Conjurations
  1266 | D:2      | Found a shattered altar of Ashenzari.
  1266 | D:2      | Found a white marble altar of Elyvilon.
  1266 | D:2      | Noticed Jessica
  1271 | D:2      | Killed Jessica
  1271 | D:2      | Reached XP level 4. HP: 24/24 MP: 4/12
  1332 | D:2      | Learned a level 4 spell: Force Lance
  1828 | D:2      | Found a burning altar of Makhleb.
  1992 | D:3      | Reached skill level 1 in Translocations
  2457 | D:3      | Found a stormy altar of Qazlal.
  2471 | D:3      | Noticed a bullfrog
  2514 | D:3      | Killed a bullfrog
  2514 | D:3      | Reached XP level 5. HP: 28/28 MP: 14/14
  2876 | D:3      | Reached skill level 5 in Spellcasting
  2934 | D:3      | Noticed Sigmund
  2934 | D:3      | Noticed Purgy
  2990 | D:2      | Slain by Purgy

Vault maps used:
D:1:      dpeg_arrival_short_road, minmay_heptomino_w4
D:2:      bloody_makhleb, grunt_temple_overflow_open, serial_curves,
          eino_curves_04, eino_curves_03, eino_curves_02, eino_curves_04,
          uniq_jessica
D:3:      grunt_ministairs_6, nicolae_qazlal_eye_of_the_storm, uniq_sigmund,
          uniq_purgy

Skill      XL: |  1  2  3  4  5 |
---------------+----------------+-----
Dodging        | 3 4 |  4.0
Spellcasting   | 4 5 |  5.0
Conjurations   | 5 |  5.5
Translocations | 1 |  1.9
Stealth        | |  2.4

Action                   |  1- 3 |  4- 6 || total
-------------------------+-------+-------++-------
Melee: Dagger            |     9 |     1 ||    10
 Cast: Magic Dart        |    64 |    60 ||   124
       Force Lance       |       |     8 ||     8
  Eat: Chunk             |     1 |     5 ||     6
Armor: Robe              |     8 |     9 ||    17
Dodge: Dodged            |    36 |    21 ||    57

Table legend:
 A = Spawn XP
 B = Non-spawn XP
 C = Spawn XP percentage of total XP
 D = Spawn monster count
 E = Non-spawn monster count
 F = Spawn count percentage of total count
 G = Total turns spent on level
                    A         B        C        D         E        F      G
               +---------+---------+-------+---------+---------+-------+---------
         Total |       0 |     300 |   0.0 |       0 |      66 |   0.0 |  2990
               +---------+---------+-------+---------+---------+-------+---------
           D:1 |       0 |      57 |   0.0 |       0 |      28 |   0.0 |  1119
           D:2 |       0 |      73 |   0.0 |       0 |      16 |   0.0 |   799
           D:3 |       0 |     170 |   0.0 |       0 |      22 |   0.0 |  1072
               +---------+---------+-------+---------+---------+-------+---------
